cohdb
Replays
Latest Replays
All Replays
Popular Replays
Top Player Replays
Match Explorer
How It Works
Community
CoH3 Stats
Reddit
Sign in to upload your games and track your stats! →
Sign in with Steam
Match 47482067
Unlisted
Match 47482067
Overview
Messages
Build Orders
End
Kradschützen Motorcycle Team
Panzergrenadier Squad
250 Light Carrier
Construct Light Support Kompanie
Combat Half-tracks
Panzerpioneer Squad
Fire Support Elements
Flakvierling Half-track
Panzerjäger Mechanized Group
Selects Panzerjäger Kommand Battlegroup
Selects GrB 39 Grenade Launcher Requisition
Panzerpioneer Squad
Selects Blockade Equipment
Vehicle Survival Package
Construct Panzerarmee Kommand
Panzergrenadier Squad
Panzer III L Medium Tank
Panzerpioneer Squad
Walking Stuka Rocket Launcher
Flak 36 Anti-tank Gun Team
Forward Retreat Point
Panzerjäger Mechanized Group
Armored Reserves
Emergency Repair Kits
Panzerpioneer Squad
Selects Crew Shock Tactics
Selects Anti-tank Overwatch
Anti-tank Overwatch
Tiger Heavy Tank
Panzerpioneer Squad
Selects Early Warning
Selects Butterfly Bomb Drop
Butterfly Bomb Drop
Anti-tank Overwatch
Butterfly Bomb Drop
Anti-tank Overwatch
WilllTHENOOBz
我小叮当今晚要搞事!
IJustDontCare
adobe gifler
MrBlueSteel
kamacura
Blaston
Jerking Hans
0
0
Comments
sign in to comment!
No comments posted yet!